 Dungeon Crawl Stone Soup version 0.28-a0-384-g9e0c098162 (webtiles) character file.

Game seed: 12650136507053943815

693119 frimble the Metallomancer (level 27, -16/216 HPs)
             Began as a Demonspawn Ice Elementalist on Sept 3, 2021.
             Was the Champion of Cheibriados.
             Killed from afar by Egosoy the pandemonium lord (28 damage)
             ... with an orb of electricity
             ... while paralysed by a floating eye
             ... on level 19 of a ziggurat.
             The game lasted 02:00:59 (62786 turns).

frimble the Metallomancer (DsIE)                   Turns: 62786, Time: 02:00:59

Health: -16/216    AC: 25    Str: 36 (39) XL:     27
Magic:  46/46      EV:  2    Int: 60 (61) God:    Cheibriados [******]
Gold:   6867       SH:  0    Dex: 28 (30) Spells: 3/57 levels left

rFire   + + +      SeeInvis +   a - +3 Elemental Staff {rElec rF++ rC++ Will++ AC+5}
rCold   + + +      Faith    .   b - +2 kite shield
rNeg    + + +      Spirit   .   L - +2 robe of Vines {NoPotionHeal Regen+++}
rPois   ∞          Reflect  .   g - +1 helmet {Int+3}
rElec   +          Harm     .   u - +0 cloak "Arum" {Str+2 Int+4 SInv}
rCorr   .          Rampage  .   c - +1 pair of gloves of the Jackalope {rN+ Str+4 Int+4}
Will    +++++                   (boots unavailable)
Stlth   +++.......              O - amulet of magic regeneration
HPRegen 3.46/turn               i - ring "Riwneov" {Str+7 Int+6}
MPRegen 0.55/turn               o - ring of Fiehocs {Contam Fly rF+++ Will+ Int+3}

@: paralysed, lich-form, flying, studying Crossbows, very slow
A: draining attack, torment immunity, no potions, talons 3, slimy green scales
3, foul stench 3, icemail 2, augmentation 3, condensation shield, deterioration
1, high mp 1
}: 3/15 runes: serpentine, barnacled, silver
a: End Transformation, Renounce Religion, Bend Time, Temporal Distortion,
Slouch, Step From Time


You were on level 19 of a ziggurat.
You worshipped Cheibriados.
Cheibriados was exalted by your worship.
You were an undead lich.
You visited 11 branches of the dungeon, and saw 49 of its levels.
You visited 1 ziggurat, and saw 19 of its levels.
You also visited: Trove, Sewer and Ice Cave.

You collected 11604 gold pieces.
You spent 4737 gold pieces at shops.

Inventory:

Hand Weapons
 a - the +3 Elemental Staff (weapon) {rElec rF++ rC++ Will++ AC+5}
   (You bought it in a shop on level 1 of the Shoals)

   If the wielder is skilled in Evocations, they can discharge powerful blasts
   of elemental energy when striking with it.
   It enhances your fire, ice, earth and air magic.
   AC:        It affects your AC (+5).
   rF:        It greatly protects you from fire.
   rC:        It greatly protects you from cold.
   rElec:     It insulates you from electricity.
   Will:      It greatly increases your willpower.
Missiles
 p - 6 throwing nets
 J - 54 javelins (quivered)
Armour
 b - a +2 kite shield (worn)
 c - the +1 pair of gloves of the Jackalope (worn) {rN+ Str+4 Int+4}
   (You found it on level 3 of the Elven Halls)

   Str:       It affects your strength (+4).
   Int:       It affects your intelligence (+4).
   rN:        It protects you from negative energy.
 g - a +1 helmet of intelligence (worn)
 u - the +0 cloak "Arum" (worn) {Str+2 Int+4 SInv}
   (You bought it in a shop on level 2 of the Orcish Mines)

   Str:       It affects your strength (+2).
   Int:       It affects your intelligence (+4).
   SInv:      It lets you see invisible.
 L - the +2 robe of Vines (worn) {NoPotionHeal Regen+++}
   (You took it off a deep elf annihilator on level 3 of the Elven Halls)

   Its wearer cannot be healed by potions.
   Regen:     It increases your rate of health regeneration.
 M - the +0 pair of gloves "Poav" {rN+ Will- Int+4}
   (You bought it in a shop on level 5 of the Depths)

   Int:       It affects your intelligence (+4).
   rN:        It protects you from negative energy.
   Will:      It decreases your willpower.
 U - a scarf of resistance
Jewellery
 i - the ring "Riwneov" (left hand) {Str+7 Int+6}
   (You found it on level 13 of the Dungeon)

   [ring of intelligence]

   Str:       It affects your strength (+7).
   Int:       It affects your intelligence (+6).
 o - the ring of Fiehocs (right hand) {Contam Fly rF+++ Will+ Int+3}
   (You took it off a deep elf archer on level 3 of the Elven Halls)

   [ring of willpower]

   Int:       It affects your intelligence (+3).
   rF:        It renders you almost immune to fire.
   Fly:       It grants you flight.
   Contam:    It causes magical contamination when unequipped.
   Will:      It increases your willpower.
 t - an amulet of guardian spirit
 A - a ring of resist corrosion
 O - an amulet of magic regeneration (around neck)
 P - a ring of protection from cold
 Q - an amulet of regeneration
 Y - an amulet of reflection
Wands
 l - a wand of acid (32)
 r - a wand of digging (30)
 E - a wand of iceblast (98)
 G - a wand of paralysis (2)
Scrolls
 d - 4 scrolls of fear
 e - 8 scrolls of amnesia
 k - 32 scrolls of teleportation
 q - 3 scrolls of summoning
 x - 6 scrolls of magic mapping
 y - 7 scrolls of blinking
 D - 14 scrolls of enchant armour
 H - 39 scrolls of identify
 K - 2 scrolls of immolation
 V - 5 scrolls of fog
 W - 5 scrolls of silence
Potions
 f - 33 potions of curing
 h - 11 potions of brilliance
 j - 3 potions of might
 m - 9 potions of attraction
 n - 9 potions of lignification
 s - 9 potions of haste
 v - 5 potions of ambrosia
 w - 2 potions of cancellation
 z - 11 potions of flight
 B - 4 potions of invisibility
 I - 2 potions of resistance
 R - 16 potions of mutation
 T - 2 potions of magic
 X - 8 potions of heal wounds
Miscellaneous
 C - a condenser vane
 F - a tin of tremorstones (inert)
 Z - a box of beasts (inert)


   Skills:
 + Level 17.7 Fighting
 - Level 8.0 Short Blades
 - Level 12.0 Staves
 - Level 10.0 Bows
 - Level 5.0 Throwing
 - Level 5.0 Armour
 - Level 15.0 Dodging
 - Level 4.0 Stealth
 - Level 15.0 Shields
 + Level 15.7 Spellcasting
 - Level 3.0 Conjurations
 - Level 17.0 Necromancy
 - Level 2.0 Translocations
 - Level 10.0 Transmutations
 + Level 8.7 Ice Magic
 - Level 3.0 Air Magic
 - Level 23.0 Earth Magic
 - Level 16.0 Invocations
 - Level 14.0 Evocations


You had 3 spell levels left.
You knew the following spells:

 Your Spells              Type           Power      Damage    Failure   Level
a - Statue Form           Tmut/Erth      100%       N/A       1%          6
b - Frozen Ramparts       Ice            100%       1d12      1%          3
c - Ozocubu's Armour      Ice            100%       N/A       1%          3
d - Shatter               Erth           85%        3d61*     1%          9
e - Infestation           Necr           77%        N/A       1%          8
f - Freezing Cloud        Conj/Ice/Air   63%        6-21      1%          5
g - Apportation           Tloc           100%       N/A       1%          1
h - Passwall              Tmut/Erth      100%       N/A       0%          2
i - Necromutation         Tmut/Necr      71%        N/A       6%          8
j - Polar Vortex          Ice            61%        N/A       100%        9

Your spell library contained the following spells:

 Spells                   Type           Power      Damage    Failure   Level
 Freeze                   Ice            100%       1d11      0%          1
 Corpse Rot               Necr/Air       N/A        N/A       0%          2
 Sublimation of Blood     Necr           77%        N/A       0%          2
 Wereblood                Tmut           100%       N/A       0%          2
 Stone Arrow              Conj/Erth      100%       3d13      0%          3
 Corona                   Hex            52%        N/A       1%          1
 Foxfire                  Conj/Fire      100%       2x1d9     1%          1
 Magic Dart               Conj           100%       1d8       1%          1
 Summon Small Mammal      Summ           100%       N/A       1%          1
 Ensorcelled Hibernation  Hex/Ice        100%       N/A       1%          2
 Poisonous Vapours        Pois/Air       100%       N/A       1%          2
 Scorch                   Fire           100%       2d10      1%          2
 Searing Ray              Conj           100%       3d7       1%          2
 Static Discharge         Conj/Air       90%        N/A       1%          2
 Call Canine Familiar     Summ           47%        N/A       1%          3
 Confusing Touch          Hex            47%        N/A       1%          3
 Conjure Flame            Conj/Fire      78%        6-21      1%          3
 Dazzling Flash           Conj/Hex       100%       N/A       1%          3
 Gell's Gravitas          Tloc           31%        N/A       1%          3
 Ignite Poison            Fire/Tmut/Pois 92%        N/A       1%          3
 Inner Flame              Hex/Fire       63%        N/A       1%          3
 Portal Projectile        Hex/Tloc       100%       N/A       1%          3
 Spider Form              Tmut/Pois      41%        N/A       1%          3
 Summon Guardian Golem    Hex/Summ       47%        N/A       1%          3
 Teleport Other           Tloc           63%        N/A       1%          3
 Tukima's Dance           Hex            47%        N/A       1%          3
 Animate Dead             Necr           77%        N/A       0%          4
 Dispel Undead            Necr           100%       3d31      0%          4
 Petrify                  Tmut/Erth      100%       N/A       0%          4
 Agony                    Necr           100%       N/A       0%          5
 Borgnjor's Vile Clutch   Necr/Erth      94%        N/A       0%          5
 Excruciating Wounds      Necr           77%        N/A       0%          5
 Lee's Rapid Deconstruct  Erth           85%        3d39*     0%          5
 Animate Armour           Summ/Erth      100%       N/A       1%          4
 Fulminant Prism          Conj/Hex       30%        3d16      1%          4
 Hailstorm                Conj/Ice       100%       3d20      1%          4
 Ice Form                 Ice/Tmut       100%       N/A       1%          4
 Iskenderun's Mystic Bla  Conj/Tloc      67%        2d14      1%          4
 Leda's Liquefaction      Hex/Erth       67%        N/A       1%          4
 Sticky Flame             Conj/Fire      78%        2d9       1%          4
 Summon Ice Beast         Ice/Summ       99%        N/A       1%          4
 Summon Lightning Spire   Summ/Air       78%        N/A       1%          4
 Alistair's Intoxication  Tmut/Pois      54%        N/A       1%          5
 Blade Hands              Tmut           52%        N/A       1%          5
 Bolt of Magma            Conj/Fire/Erth 74%        4d28      1%          5
 Irradiate                Conj/Tmut      45%        3d28      1%          5
 Iskenderun's Battlesphe  Conj           70%        2d12      1%          5
 Metabolic Englaciation   Hex/Ice        49%        N/A       1%          5
 Death Channel            Necr           77%        N/A       1%          6
 Iron Shot                Conj/Erth      70%        9d13      1%          6
 Simulacrum               Ice/Necr       83%        N/A       1%          6
 Borgnjor's Revivificati  Necr           77%        N/A       1%          8
 Cause Fear               Hex            23%        N/A       2%          4
 Fireball                 Conj/Fire      39%        3d16      3%          5
 Silence                  Hex/Air        39%        N/A       3%          5
 Eringya's Noxious Bog    Tmut/Pois      41%        N/A       4%          6
 Haunt                    Necr/Summ      61%        N/A       6%          7
 Summon Mana Viper        Hex/Summ       47%        N/A       7%          5
 Storm Form               Tmut/Air       56%        N/A       14%         7
 Dispersal                Tloc           31%        N/A       17%         6
 Death's Door             Necr           77%        N/A       24%         9
 Invisibility             Hex            23%        N/A       36%         6
 Summon Cactus Giant      Summ           23%        N/A       36%         6
 Orb of Destruction       Conj           35%        9d13      52%         7
 Spellforged Servitor     Conj/Summ      30%        N/A       75%         7
 Monstrous Menagerie      Summ           23%        N/A       91%         7
 Summon Hydra             Summ           23%        N/A       91%         7
 Maxwell's Capacitive Co  Air            45%        ∞         99%         8
 Discord                  Hex            23%        N/A       100%        8


Dungeon Overview and Level Annotations

Branches:
Dungeon (15/15)            Temple (1/1) D:7            Lair (6/6) D:8
 Shoals (4/4) Lair:3        Snake (4/4) Lair:3        Slime (0/5) Lair:6
    Orc (2/2) D:12            Elf (3/3) Orc:2        Vaults (5/5) D:13
  Crypt (3/3) Vaults:3       Tomb (0/3) Crypt:3      Depths (5/5) D:15
   Hell (visited)             Zot (0/5) Depths:5      Sewer (visited)
  IceCv (visited)
    Dis: Hell:1         Geh: Hell:1         Coc: Hell:1         Tar: Hell:1

Altars:
Ashenzari
Cheibriados
Dithmenos
Elyvilon
Fedhas
Gozag
Hepliaklqana
Kikubaaqudgha
Makhleb
Nemelex Xobeh
Okawaru
Qazlal
Ru
Sif Muna
Trog
Uskayaw
Vehumet
Wu Jian
Xom
Yredelemnul
Zin
The Shining One
Beogh
Jiyva

Shops:
D:10 (   D:13 (   Orc:2 [=[[   Elf:1 :   Shoals:1 (   Snake:2 (   Vaults:1 **(
Vaults:3 ?   Vaults:5 !!?(   Depths:5 [(

Portals:
Hell: Depths:1 Depths:2 Depths:4 Depths:5
Abyss: Depths:4
Pandemonium: Depths:3 Depths:4

Annotations:
Lair:1 3 runed translucent doors, Jukk's ghost, journeyman DECj
Elf:2 3 runed translucent doors
Vaults:1 3 runed translucent doors, exclusion: obsidian statue, Tappu's ghost, adept OgEn
Depths:3 exclusion: hell hog


Innate Abilities, Weirdness & Mutations

You are an undead lich.
Your unarmed attacks are suffused with negative energy.
You are immune to unholy pain and torment.
Your necromantic spells are more powerful.
You cannot drink.
You have claws for feet.
You are completely covered in slimy green scales. (AC +4, rPois)
You frequently emit foul miasma when damaged in melee.
A meltable icy envelope protects you from harm. (AC +0)
Your magical and physical power is greatly enhanced at high health.
A meltable shield of frost defends you. (SH +0)
Your body sometimes deteriorates upon taking damage.
You have an increased reservoir of magic. (+10% MP)


Message History

Ceocoil blinks!
The Hell Sentinel blinks!
The apocalypse crab blinks!
You blink.
The Killer Klown blinks!
Lisch blinks!
Lisch enters a dispersal trap!
Egosoy blinks!
The floating eye blinks! x2
Plog blinks!
The Killer Klown blinks!
The Hell Sentinel blinks!
Egosoy blinks!
The Killer Klown blinks!
The Hell Sentinel blinks!
Plog blinks!
You blink.
Lisch blinks!
The Hell Sentinel blinks!
The Killer Klown blinks!
The floating eye blinks!
The floating eye enters a dispersal trap!
Vuphair blinks!
The Hell Sentinel blinks!
The Killer Klown blinks! x2
Vuphair blinks!
Egosoy blinks!
Lisch blinks!
The Killer Klown blinks!
Lisch blinks!
You blink.
The floating eye blinks!
The tormentor blinks!
The floating eye is engulfed in blazing flames.
The cacodemon gestures at you. You resist with almost no effort.
Xapokk is engulfed in blazing flames.
Ruabou gestures.
Ruabou blinks!
The floating eye gazes piercingly through you!
You shrug off the repeated paralysis!
The Killer Klown blinks!
The cacodemon gestures at you. The bolt of energy hits you!!
* * * LOW HITPOINT WARNING * * *
The Killer Klown blinks!
The Killer Klown is engulfed in blazing flames.
Egosoy sneers, "Accept thy doom, thou pottle-deep spleeny brigand!"
Egosoy gestures at you.
The orb of electricity explodes!
The orb of electricity engulfs you!! You resist.
* * * LOW HITPOINT WARNING * * *
The orb of electricity engulfs the tormentor!!!
The tormentor dies!
The tormentor disappears in a puff of smoke!
The orb of electricity engulfs the Killer Klown!!!
The orb of electricity engulfs the Hell Sentinel.
The Hell Sentinel completely resists.
The Hell Sentinel roars!
The Killer Klown is engulfed in freezing vapours.
Egosoy gestures at you.
The orb of electricity explodes!
The orb of electricity engulfs you!! You resist.
You die...

▓.....^8.8^...........^...p.
▓▓.....t...§&○.........○.§..4
▓.......○..☼&○...............
▓.......○☼☼☼.....2.........§.
▓.....○.○☼§☼☼................
▓▓..&.&○..☼○&☼....§.........°.
▓..∩..°§...☼○☼............)..○
▓▓..................G......°.○
▓..p..p.....L................
▓.&§.&......p○°○.)..........)
▓...........☼.1..&....°°...§.
▓▓..§.......○.G..°§○.........
▓.....^8.8○○..†p☼&§..°^...^.
▓▓....88.88.....☼☼○.........
▓▓.......☼..°.............
▓▓..88.88...........88.88
▓▓^8.8^...........^8.


You could see Ceocoil (clouds), Egosoy (fast, clouds), Lisch, Plog (silencing,
clouds), Ruabou, Vuphair (clouds), Xapokk, 3 Killer Klowns, a Hell Sentinel
(summoned), a cacodemon (summoned), an apocalypse crab and 2 floating eyes.

Vanquished Creatures
  4 dread liches
  5 ancient liches
  An orb of fire (Zig:5)
  Mennas (Vaults:5)
  2 juggernauts (Zig:12)
  Boris (twice) (Depths:4 Crypt:2)
  7 pandemonium lords
  Vashnia (Snake:4)
  Bai Suzhen (Vaults:4)
  14 Killer Klowns
  Geryon (Hell)
  The ghost of krigyl the Warrior, an adept OgFE of Sif Muna (Elf:2)
  A golden dragon (Vaults:5)
  Nikola (Depths:2)
  A profane servitor (Crypt:3)
  the Enchantress (Depths:3)
  3 bone dragons
  A doom hound (Zig:10)
  A shard shrike zombie (Crypt:1)
  7 tentacled monstrosities
  Jorgrun (Orc:1)
  3 deep elf master archers
  4 deep elf blademasters
  5 titans
  The ghost of Spaninq the Brawler, an adept TrCA of Jiyva (Shoals:4)
  5 liches
  A quicksilver dragon (Vaults:5)
  An Executioner (Zig:15)
  5 ancient champions
  A kraken (Shoals:4)
  The ghost of Eruidisu the Lord of Darkness, an adept DsNe of Kikubaaqudgha (Shoals:3)
  Gastronok (D:9)
  A sphinx (Vaults:3)
  Agnes (Elf:1)
  Kirke (D:15)
  10 tengu reavers
  Roxanne (D:15)
  2 storm dragons (Vaults:5)
  2 shadow dragons (Depths:5)
  The ghost of Jeabro the Eternal Night, an adept DsGl of Dithmenos (Elf:1)
  A draconian monk (Zig:16)
  An azure jelly (shapeshifter) (Zig:19)
  4 nagarajas
  A fenstrider witch (shapeshifter) (Zig:19)
  Ilsuiw (Shoals:3)
  Donald (Snake:1)
  5 revenants
  10 frost giants
  A frost giant (shapeshifter) (Zig:15)
  13 fire giants
  A draconian knight (Zig:16)
  8 deep elf sorcerers
  2 ghost moths (Zig:17)
  3 balrugs
  Louise (Elf:1)
  Aizul (Shoals:3)
  A draconian scorcher (Zig:16)
  6 orc warlords
  26 vault wardens
  An emperor scorpion (Zig:17)
  13 ghouls
  2 deep elf elementalists (Elf:3)
  2 draconian shifters (Zig:16)
  4 draconian stormcallers
  8 reapers
  7 spriggan defenders
  4 curse skulls
  8 war gargoyles
  2 blood saints (Zig:14)
  7 draconian annihilators
  9 stone giants
  A stone giant (shapeshifter) (Zig:11)
  23 very ugly things
  18 ironbound preservers
  3 green draconians
  A dire elephant (shapeshifter) (Zig:15)
  10 vampire knights
  9 deep elf demonologists
  2 dire elephants (Vaults:3)
  4 yellow draconians
  18 deep elf annihilators
  Azrael (Elf:1)
  3 black draconians
  A lorocyproca (Depths:4)
  10 entropy weavers
  12 spark wasps
  5 red draconians
  6 white draconians
  3 minotaurs
  2 purple draconians (Zig:16)
  10 eidola
  4 merfolk javelineers
  Snorg (D:12)
  2 green deaths
  13 merfolk impalers
  2 eleionomae (shapeshifter)
  3 crystal guardians (Vaults:4)
  Josephine (D:12)
  3 mummy priests
  17 fire dragons
  10 great orbs of eyes
  8 jiangshi
  9 deep elf death magi
  15 ettins
  13 yaktaur captains
  A spectral kraken (Shoals:3)
  2 quicksilver dragon zombies
  16 deep elf high priests
  17 naga warriors
  5 ice dragons
  3 rakshasas
  A shambling mangrove (Zig:6)
  13 hydras
  A fenstrider witch zombie (Crypt:2)
  8 boulder beetles
  2 ghost crabs (Shoals:3)
  6 salamander tyrants
  29 vault guards
  8 ironbound frosthearts
  7 caustic shrike simulacra
  A catoblepas (shapeshifter) (Depths:3)
  7 peacekeepers
  7 spriggan air magi
  5 catoblepae
  3 ogre magi
  8 ironbound thunderhulks
  8 centaur warriors
  6 merfolk avatars
  4 merfolk aquamancers
  2 alligator snapping turtles
  13 anacondas
  17 dancing weapons
  4 death knights
  A satyr (Shoals:3)
  7 two-headed ogres
  17 death yaks
  8 deep troll earth magi
  An anaconda (shapeshifter) (Zig:19)
  6 deep troll shamans
  An alligator snapping turtle (shapeshifter) (Zig:19)
  An alligator (Zig:6)
  2 spriggan berserkers
  3 tengu warriors
  2 orc high priests
  13 vampire magi
  6 ironbound beastmasters
  Urug (D:12)
  A thrashing horror (Zig:1)
  10 shock serpents
  8 spriggans
  A hell knight (Depths:5)
  3 soul eaters
  16 deep elf knights
  19 naga sharpshooters
  A shadow wraith (Vaults:5)
  A storm dragon zombie (Crypt:3)
  40 skeletal warriors
  2 spectral merfolk (Shoals:3)
  A goliath frog (Zig:6)
  6 sun demons
  6 salamander mystics
  2 golden dragon zombies
  A titan skeleton (Crypt:1)
  8 sea snakes
  A swamp dragon (Zig:6)
  2 gelid demonspawn
  5 glowing orange brains
  7 iron trolls
  11 flayed ghosts
  2 anaconda zombies (Crypt:3)
  2 deep trolls (shapeshifter)
  A large abomination (Zig:1)
  A lindwurm (shapeshifter) (Vaults:5)
  4 obsidian statues
  45 deep trolls
  A golden dragon skeleton (Depths:1)
  17 ironbound convokers
  2 orange crystal statues (Zig:2)
  7 wizards
  A shadow dragon zombie (Crypt:2)
  33 phantasmal warriors
  A bog body (IceCv)
  A bunyip zombie (Crypt:3)
  19 deep elf archers
  13 lindwurms
  A harpy (shapeshifter) (Depths:3)
  5 naga ritualists
  14 wolf spiders
  10 harpies
  39 deep elf pyromancers
  11 orc sorcerers
  52 ugly things
  6 orb spiders (Zig:17)
  30 deep elf zephyrmancers
  18 orc knights
  A mana viper (shapeshifter) (Vaults:5)
  19 manticores
  9 necromancers
  2 cyclopes (shapeshifter)
  3 moths of wrath
  3 fauns
  9 mana vipers
  22 salamanders
  A fire giant zombie (Vaults:2)
  2 spriggan zombies (Crypt:3)
  11 cyclopes
  A manticore (shapeshifter) (Zig:15)
  6 merfolk sirens
  10 guardian serpents
  8 apocalypse crabs
  11 elephants
  21 vault sentinels
  3 rust devils
  An ice statue (D:9)
  4 naga zombies
  An elephant (shapeshifter) (Zig:15)
  4 torpor snails
  5 water nymphs
  A black mamba (shapeshifter) (Vaults:5)
  3 eyes of devastation (Depths:4)
  3 water nymphs (shapeshifter)
  4 molten gargoyles (Hell)
  35 black mambas
  2 gargoyles
  20 naga magi
  11 cane toads
  6 smoke demons
  A cane toad (shapeshifter) (Elf:2)
  A spectral sea snake (Shoals:3)
  A rime drake (Lair:2)
  18 komodo dragons
  3 unseen horrors
  37 yaktaurs
  4 kobold demonologists
  14 freezing wraiths
  An anaconda simulacrum (IceCv)
  3 golden dragon simulacra (IceCv)
  2 ice devils
  5 tengu conjurers
  4 demonic crawlers (Zig:17)
  An efreet (D:13)
  3 jumping spiders
  An entropy weaver simulacrum (IceCv)
  A hellwing (Depths:3)
  18 trolls
  27 merfolk
  6 harpy zombies
  3 guardian mummies
  3 meliai (D:13)
  A polar bear (Lair:6)
  The ghost of varamyr the Gusty, an amateur DrAE (D:6)
  An ettin zombie (Vaults:4)
  14 hornets
  A yellow draconian skeleton (Crypt:1)
  A merfolk (shapeshifter) (Zig:19)
  A wolf spider simulacrum (D:14)
  9 snapping turtles
  5 wind drakes
  5 blink frogs (Lair:6)
  A meliai zombie (D:10)
  17 dream sheep
  A fire dragon zombie (Crypt:3)
  34 slime creatures
  12 flying skulls
  2 deep troll skeletons
  4 air elementals
  2 elf zombies
  A wyvern (shapeshifter) (Depths:3)
  A centaur simulacrum (D:13)
  A black mamba zombie (Crypt:3)
  3 tarantellas (Zig:17)
  9 redbacks
  2 wyverns
  3 shadows
  3 basilisks
  12 water elementals
  90 yaks
  4 ushabtiu
  4 spriggan simulacra
  20 wraiths
  A black mamba skeleton (Crypt:2)
  A fire bat (shapeshifter) (D:15)
  5 hogs (D:15)
  An elf skeleton (Vaults:2)
  4 fire elementals
  3 golden eyes (Depths:4)
  A human (shapeshifter) (Vaults:5)
  A human simulacrum (Vaults:2)
  7 vampire mosquitoes
  3 chaos spawn
  A neqoxec (Depths:3)
  40 nagas
  A human zombie (Vaults:2)
  A swamp worm (shapeshifter) (Vaults:2)
  9 wargs
  4 acid dragons
  A hydra simulacrum (IceCv)
  11 water moccasins
  2 floating eyes (Depths:4)
  4 hell hounds
  32 orc warriors
  3 black bears
  A manticore zombie (Crypt:2)
  An alligator simulacrum (IceCv)
  17 necrophages
  An ice beast (D:5)
  16 ogres
  An ettin simulacrum (IceCv)
  A sky beast (D:7)
  5 boggarts (Vaults:4)
  8 wolves
  16 centaurs
  A hog skeleton (Crypt:1)
  3 phantoms
  A yaktaur zombie (Crypt:1)
  A komodo dragon zombie (Crypt:1)
  10 bullfrogs
  3 kobold brigands
  3 gnoll sergeants
  7 earth elementals
  A water moccasin zombie (D:6)
  A glowing shapeshifter simulacrum (Vaults:2)
  6 wyvern skeletons
  2 water moccasin skeletons
  8 wights
  11 howler monkeys
  9 killer bees
  A yak skeleton (Crypt:2)
  4 electric eels
  A bullfrog zombie (D:5)
  A lava snake (D:15)
  11 hounds
  6 centaur zombies
  A gnoll shaman (D:6)
  12 orc priests
  A bullfrog skeleton (Crypt:1)
  3 centaur skeletons
  Jessica (D:3)
  8 iguanas
  Natasha (thrice) (D:3)
  33 orc wizards
  A killer bee zombie (D:8)
  4 hound skeletons
  5 mummies
  A howler monkey skeleton (D:6)
  19 gnolls
  6 adders
  2 white imps
  An adder zombie (D:5)
  An adder skeleton (D:4)
  A worm (D:2)
  2 dart slugs
  62 orcs
  7 endoplasms
  13 giant cockroaches
  3 goblins
  7 hobgoblins
  8 jackals
  9 quokkas
  9 ball pythons
  A ball python skeleton (Crypt:2)
  12 bats
  25 frilled lizards
  A frilled lizard zombie (Crypt:1)
  A hobgoblin skeleton (Crypt:2)
  2 hobgoblin zombies (D:7)
  A jackal skeleton (D:2)
  19 kobolds
  3 orc zombies
  4 rats
  3 tentacles
2515 creatures vanquished.

Vanquished Creatures (collateral kills)
  A deep elf death mage (Elf:3)
  A basilisk (D:8)
2 creatures vanquished.

Vanquished Creatures (others)
  A Killer Klown (Zig:19)
  A very ugly thing (Zig:19)
  A death yak (Lair:6)
  A catoblepas (Depths:2)
  A sea snake (Shoals:4)
  A wizard (Vaults:4)
  An orb spider (Zig:17)
  A salamander (Snake:2)
  A smoke demon (Hell)
  A molten gargoyle (Hell)
  An acid dragon (D:8)
  A human (D:15)
  A chaos spawn (Zig:19)
  An orc wizard (Orc:2)
  37 fungi
  90 plants
  17 tentacles
  52 withered plants
210 creatures vanquished.

Grand Total: 2727 creatures vanquished

Notes
Turn   | Place    | Note
-------+----------+-------------------------------------------
     0 | D:1      | frimble the Demonspawn Ice Elementalist began the quest for
                  | the Orb.
     0 | D:1      | Reached XP level 1. HP: 13/13 MP: 3/3
   525 | D:1      | Gained mutation: You are partially covered in slimy green
                  | scales. (AC +2) [demonic ancestry]
   525 | D:1      | Reached XP level 2. HP: 19/19 MP: 5/5
   595 | D:1      | Found a faded altar of an unknown god.
  1530 | D:2      | Gained mutation: You have sharp toenails. [demonic
                  | ancestry]
  1530 | D:2      | Reached XP level 3. HP: 19/24 MP: 6/6
  2249 | D:2      | Found a basalt altar of Yredelemnul.
  2529 | D:2      | Gained mutation: You may rarely emit foul miasma when
                  | damaged in melee. [demonic ancestry]
  2529 | D:2      | Reached XP level 4. HP: 29/30 MP: 7/7
  2965 | D:3      | Noticed Natasha
  2972 | D:3      | Killed Natasha
  3035 | D:3      | Learned a level 3 spell: Frozen Ramparts
  3265 | D:3      | Noticed Jessica
  3265 | D:3      | Noticed Natasha
  3272 | D:3      | Killed Natasha
  3284 | D:3      | Killed Jessica
  3285 | D:3      | Reached XP level 5. HP: 24/35 MP: 5/9
  3482 | D:3      | Reached skill level 1 in Short Blades
  3710 | D:3      | Noticed Natasha
  3745 | D:3      | Killed Natasha
  3883 | D:4      | Noticed a black bear
  3891 | D:4      | Killed a black bear
  3892 | D:4      | Reached XP level 6. HP: 34/41 MP: 2/10
  4383 | D:4      | Gained mutation: You are mostly covered in slimy green
                  | scales. (AC +3) [demonic ancestry]
  4383 | D:4      | Reached XP level 7. HP: 26/46 MP: 10/12
  4387 | D:4      | Learned a level 3 spell: Ozocubu's Armour
  5122 | D:5      | Entered Level 5 of the Dungeon
  5152 | D:5      | Reached skill level 5 in Ice Magic
  6224 | D:5      | Reached skill level 1 in Fighting
  6224 | D:5      | Reached skill level 1 in Evocations
  6593 | D:5      | Gained mutation: You have razor-sharp toenails. [demonic
                  | ancestry]
  6593 | D:5      | Reached XP level 8. HP: 53/54 MP: 14/14
  6929 | D:6      | Found a glowing drain.
  6960 | Sewer    | Entered a sewer
  7242 | Sewer    | Found the +8 storm bow {elec, penet}
  7649 | D:6      | Found a sacrificial altar of Ru.
  7651 | D:6      | Found a hide-covered altar of Uskayaw.
  7784 | D:6      | Found a runed translucent gate.
  7784 | D:6      | Found a runed translucent gate.
  7784 | D:6      | Found a runed translucent gate.
  7786 | D:6      | Noticed varamyr's ghost (amateur DrAE)
  8082 | D:6      | Reached skill level 1 in Bows
  8855 | D:7      | Reached XP level 9. HP: 25/65 MP: 15/15
  9207 | D:7      | Identified a scroll of acquirement
  9207 | D:7      | Acquired the +1 pair of boots of Beauty {rC+ Will+}
  9367 | D:7      | Found a staircase to the Ecumenical Temple.
  9429 | D:7      | Found a stormy altar of Qazlal.
  9429 | D:7      | Found a sparkling altar of Nemelex Xobeh.
  9430 | D:7      | Found a broken altar of Ashenzari.
  9954 | D:8      | Noticed a troll
  9956 | D:8      | Noticed a boulder beetle
  9961 | D:8      | Killed a troll
  9962 | D:8      | Noticed a komodo dragon
  9965 | D:8      | Noticed a two-headed ogre
 10228 | D:6      | Reached skill level 5 in Fighting
 10232 | D:6      | Killed varamyr's ghost
 10255 | D:6      | Identified the +0 pair of gloves of Piuron {Slay+2}
 10340 | D:7      | Killed a two-headed ogre
 10341 | D:7      | Reached skill level 5 in Bows
 10641 | D:7      | Gained mutation: You sometimes emit foul miasma when
                  | damaged in melee. [demonic ancestry]
 10641 | D:7      | Reached XP level 10. HP: 50/77 MP: 8/16
 10817 | D:8      | Noticed a smoke demon
 10861 | D:7      | Killed a boulder beetle
 11114 | D:7      | Noticed a sixfirhy
 11114 | D:7      | HP: 3/82 [kobold demonologist (5)]
 11724 | D:8      | Noticed a centaur warrior
 11730 | D:8      | Killed a centaur warrior
 11883 | D:8      | Reached skill level 10 in Fighting
 11891 | D:8      | Found a staircase to the Lair.
 12096 | D:8      | Identified the +1 hat "Seitt" {rF+ rN++ Slay-5}
 12285 | Temple   | Entered the Ecumenical Temple
 12504 | D:9      | Gained mutation: You have claws for feet. [demonic
                  | ancestry]
 12504 | D:9      | Reached XP level 11. HP: 53/90 MP: 17/17
 12536 | D:9      | Noticed Gastronok
 12552 | D:9      | Killed Gastronok
 13175 | D:9      | Found a shimmering altar of Xom.
 13454 | D:9      | Noticed a centaur warrior
 13464 | D:9      | Killed a centaur warrior
 13656 | D:9      | Noticed a five-headed hydra
 13661 | D:9      | Killed a five-headed hydra
 13945 | D:9      | Reached XP level 12. HP: 106/106 MP: 18/18
 13968 | D:10     | Entered Level 10 of the Dungeon
 14486 | D:10     | Found Casexkin's Antique Weapon Shop.
 14539 | D:11     | Reached skill level 10 in Bows
 14582 | D:11     | Reached XP level 13. HP: 112/113 MP: 19/19
 14704 | D:11     | Reached skill level 5 in Dodging
 14727 | D:11     | Reached skill level 5 in Evocations
 14735 | D:11     | Reached skill level 5 in Spellcasting
 15159 | D:12     | Noticed Urug
 15172 | D:12     | Killed Urug
 15425 | D:12     | Noticed Snorg
 15437 | D:12     | Killed Snorg
 16529 | D:12     | Noticed Josephine
 16534 | D:12     | Killed Josephine
 16819 | D:12     | Found a staircase to the Orcish Mines.
 17240 | Temple   | Became a worshipper of Cheibriados the Contemplative
 17319 | Lair:1   | Entered Level 1 of the Lair of Beasts
 17343 | Lair:1   | Reached skill level 1 in Invocations
 17343 | Lair:1   | Reached XP level 14. HP: 120/120 MP: 25/25
 17399 | Lair:1   | Found a runed translucent gate.
 17399 | Lair:1   | Found a runed translucent gate.
 17399 | Lair:1   | Found a runed translucent gate.
 17403 | Lair:1   | Noticed a quicksilver ooze
 17403 | Lair:1   | Noticed Jukk's ghost (journeyman DECj)
 17406 | Lair:1   | Found a viscous altar of Jiyva.
 18009 | Lair:1   | Identified the +8 hand axe "Qaurph" {chaos, rCorr}
 18355 | Lair:2   | Reached * piety under Cheibriados
 19144 | Lair:3   | Found a staircase to the Snake Pit.
 19272 | Lair:3   | Found a staircase to the Shoals.
 19324 | Lair:3   | Reached ** piety under Cheibriados
 19325 | Lair:3   | Reached skill level 5 in Invocations
 19380 | Lair:3   | Got the Handbook of the Yeti
 19625 | Lair:3   | Reached *** piety under Cheibriados
 20449 | Lair:4   | Reached **** piety under Cheibriados
 20911 | Lair:5   | Reached skill level 5 in Short Blades
 21464 | Lair:5   | Reached ***** piety under Cheibriados
 21637 | Lair:6   | Entered Level 6 of the Lair of Beasts
 21710 | Lair:6   | Found a staircase to the Slime Pits.
 21910 | Lair:6   | Reached XP level 15. HP: 126/126 MP: 28/28
 22071 | Lair:6   | Reached skill level 10 in Dodging
 22432 | Lair:6   | Reached skill level 10 in Spellcasting
 22871 | Lair:6   | Identified the +2 chain mail of Elyvilon's Anger {rElec rF+
                  | rCorr MP-9}
 23166 | Orc:1    | Entered Level 1 of the Orcish Mines
 23404 | Orc:2    | Entered Level 2 of the Orcish Mines
 23435 | Orc:2    | Found a staircase to the Elven Halls.
 23543 | Orc:2    | Found Gukhleets's Antique Armour Emporium.
 23602 | Orc:2    | Bought a steaming cloak for 180 gold pieces
 23602 | Orc:2    | Identified the +0 cloak "Arum" {Str+2 Int+4 SInv} (You
                  | bought it in a shop on level 2 of the Orcish Mines)
 23602 | Orc:2    | Bought a fine cloak for 180 gold pieces
 23602 | Orc:2    | Identified the +1 cloak "Jythroegg" {Contam rN++ Will-
                  | Int+6} (You bought it in a shop on level 2 of the Orcish
                  | Mines)
 23656 | Orc:2    | Reached skill level 10 in Invocations
 23857 | Orc:2    | Reached ****** piety under Cheibriados
 23916 | Orc:2    | Found Ryuzar's Jewellery Boutique.
 23959 | Orc:2    | Bought a +4 ring of slaying for 858 gold pieces
 23973 | Orc:2    | Found an ancient bone altar of Kikubaaqudgha.
 23979 | Orc:2    | Paralysed by an orc sorcerer for 5 turns
 24037 | Orc:2    | Found Liov Att's Antique Armour Shop.
 24067 | Orc:2    | Found a radiant altar of Vehumet.
 24099 | Orc:2    | Found Qoocet Boa's Antique Armour Boutique.
 24114 | Orc:2    | Found Siunar's Magic Scroll Boutique.
 24144 | Orc:2    | Bought a glowing helmet for 247 gold pieces
 24671 | Orc:1    | Noticed Jorgrun
 24866 | D:13     | Found a bloodstained altar of Trog.
 24948 | D:13     | Found a gate to the Vaults.
 24981 | D:13     | Reached XP level 16. HP: 113/133 MP: 30/30
 25255 | D:13     | Reached skill level 1 in Armour
 25360 | D:13     | Found Mukargh's Weapon Boutique.
 25741 | D:13     | Identified the +9 dire flail of Mutilation {freeze, rC+
                  | Str+2}
 25742 | D:13     | Identified the ring "Riwneov" {Str+7 Int+6}
 26876 | D:15     | Entered Level 15 of the Dungeon
 27042 | D:15     | Noticed Kirke
 27048 | D:15     | Killed Kirke
 27329 | D:15     | Found a staircase to the Depths.
 27441 | D:15     | Noticed Roxanne
 27456 | D:15     | Killed Roxanne
 27480 | D:15     | Learned a level 6 spell: Statue Form
 27490 | D:15     | Learned a level 9 spell: Shatter
 27625 | D:15     | Reached skill level 5 in Armour
 27919 | Snake:1  | Entered Level 1 of the Snake Pit
 27928 | Snake:1  | Reached skill level 1 in Earth Magic
 27931 | Snake:1  | Reached skill level 1 in Transmutations
 27991 | Snake:1  | Reached skill level 2 in Earth Magic
 28225 | Snake:1  | Identified the +0 leather armour of Winter {Int+4}
 28329 | Snake:1  | Reached skill level 3 in Earth Magic
 28718 | Snake:1  | Noticed Donald
 28725 | Snake:1  | Killed Donald
 29223 | Snake:2  | Found Gurefik's Antique Weapon Boutique.
 29247 | Snake:2  | Reached skill level 4 in Earth Magic
 29364 | Snake:2  | Reached XP level 17. HP: 139/139 MP: 33/33
 29500 | Snake:2  | Reached skill level 5 in Earth Magic
 29633 | Snake:2  | Reached skill level 5 in Transmutations
 30187 | Snake:3  | Reached skill level 6 in Earth Magic
 30358 | Snake:3  | Acquired a scarf of resistance
 30365 | Snake:3  | Found a radiant altar of Vehumet.
 30719 | Snake:4  | Entered Level 4 of the Snake Pit
 30793 | Snake:4  | Reached skill level 7 in Earth Magic
 31287 | Snake:4  | Reached skill level 8 in Earth Magic
 31828 | Snake:4  | Noticed Vashnia
 32066 | Snake:4  | Killed Vashnia
 32165 | Snake:4  | Reached skill level 9 in Earth Magic
 32346 | Snake:4  | Gained mutation: Your magical and physical power is
                  | slightly enhanced at high health. [demonic ancestry]
 32346 | Snake:4  | Reached XP level 18. HP: 136/146 MP: 34/34
 32603 | Snake:4  | Got a serpentine rune of Zot
 32802 | Shoals:1 | Entered Level 1 of the Shoals
 32823 | Shoals:1 | Found a frozen archway.
 32827 | IceCv    | Entered an ice cave
 32887 | IceCv    | Reached skill level 10 in Earth Magic
 32894 | IceCv    | Reached skill level 10 in Transmutations
 33734 | IceCv    | Reached skill level 11 in Earth Magic
 33902 | Shoals:1 | Found Ocugoq's Antique Weapon Boutique.
 35171 | Shoals:3 | Reached skill level 12 in Earth Magic
 35238 | Shoals:3 | Noticed Ilsuiw
 35246 | Shoals:3 | Killed Ilsuiw
 35613 | Shoals:3 | Found a runed translucent gate.
 35627 | Shoals:3 | Found a runed translucent gate.
 35628 | Shoals:3 | Found a runed translucent gate.
 35630 | Shoals:3 | Noticed Eruidisu's ghost (adept DsNe)
 35845 | Shoals:3 | Reached skill level 13 in Earth Magic
 35939 | Shoals:3 | Noticed Aizul
 35951 | Shoals:3 | Killed Aizul
 36138 | Shoals:4 | Entered Level 4 of the Shoals
 36316 | Shoals:4 | Gained mutation: A meltable shield of frost defends you.
                  | (SH +0) [demonic ancestry]
 36316 | Shoals:4 | Reached XP level 19. HP: 116/152 MP: 28/35
 36401 | Shoals:4 | Got a barnacled rune of Zot
 36652 | Shoals:4 | Reached skill level 14 in Earth Magic
 36877 | Shoals:4 | Found a runed translucent door.
 36884 | Shoals:4 | Noticed Spaninq's ghost (adept TrCA)
 37670 | Shoals:4 | Killed Spaninq's ghost
 37801 | Shoals:3 | Killed Eruidisu's ghost
 37802 | Shoals:3 | Reached skill level 15 in Earth Magic
 38170 | Elf:1    | Entered Level 1 of the Elven Halls
 38170 | Elf:1    | Noticed Agnes
 38175 | Elf:1    | Killed Agnes
 38265 | Elf:1    | Noticed Louise
 38273 | Elf:1    | Killed Louise
 38385 | Elf:1    | Found Vonatem's Book Shop.
 38422 | Elf:1    | Found a runed translucent gate.
 38422 | Elf:1    | Found a runed translucent gate.
 38424 | Elf:1    | Noticed Jeabro's ghost (adept DsGl)
 38573 | Elf:1    | Found a runed translucent gate.
 38699 | Elf:1    | Got Dahalid's Grimoire of Confrontation
 38852 | Elf:1    | Paralysed by an air elemental for 1 turns
 38982 | Elf:1    | Reached skill level 16 in Earth Magic
 39057 | Elf:1    | Noticed Azrael
 39060 | Elf:1    | Killed Azrael
 39120 | Elf:1    | Killed Jeabro's ghost
 39216 | Elf:2    | Found a portal to a secret trove of treasure.
 39269 | Elf:2    | Found a radiant altar of Vehumet.
 39350 | Elf:2    | Found a runed translucent gate.
 39350 | Elf:2    | Found a runed translucent gate.
 39351 | Elf:2    | Found a runed translucent gate.
 39352 | Elf:2    | Noticed krigyl's ghost (adept OgFE)
 39504 | Elf:2    | Found a runed translucent gate.
 39504 | Elf:2    | Found a runed translucent gate.
 39504 | Elf:2    | Found a runed translucent gate.
 39987 | Elf:2    | Paralysed by an air elemental for 1 turns
 39991 | Elf:2    | Killed krigyl's ghost
 40131 | Elf:2    | Reached skill level 17 in Earth Magic
 40212 | Elf:2    | Identified the +1 cloak of Masochism {rF+ Dex+3}
 40315 | Elf:3    | Entered Level 3 of the Elven Halls
 40365 | Elf:3    | Gained mutation: Your magical and physical power is
                  | enhanced at high health. [demonic ancestry]
 40365 | Elf:3    | Reached XP level 20. HP: 159/159 MP: 36/36
 41134 | Elf:3    | Identified the +7 lajatang of the Candle {speed, +Rage}
 41182 | Elf:3    | Reached skill level 18 in Earth Magic
 41182 | Elf:3    | Identified the ring of Fiehocs {Contam Fly rF+++ Will+
                  | Int+3}
 41623 | Elf:3    | Identified the +1 ring mail of Inao {Harm rF- rC+++ Regen+}
 41658 | Elf:3    | Identified the +6 arbalest "Hucheiwy" {venom, rN+}
 41659 | Elf:3    | Identified the +1 pair of gloves of the Jackalope {rN+
                  | Str+4 Int+4}
 42151 | Shoals:1 | Bought the +3 Elemental Staff {rElec rF++ rC++ Will++ AC+5}
                  | for 2372 gold pieces
 42151 | Shoals:1 | Found the +3 Elemental Staff {rElec rF++ rC++ Will++ AC+5}
 42317 | Vaults:1 | Entered Level 1 of the Vaults
 42330 | Vaults:1 | Reached skill level 1 in Staves
 42555 | Vaults:1 | Reached skill level 5 in Staves
 42989 | Vaults:1 | Found a runed translucent gate.
 42989 | Vaults:1 | Found a runed translucent gate.
 42989 | Vaults:1 | Found a runed translucent gate.
 42990 | Vaults:1 | Found an opulent altar of Gozag.
 42991 | Vaults:1 | Noticed Tappu's ghost (adept OgEn)
 42992 | Vaults:1 | Found Sol Papn's Assorted Antiques.
 42993 | Vaults:1 | Found Fabbel's Assorted Antiques.
 43007 | Vaults:1 | Found Jagups's Weapon Shop.
 43694 | Vaults:1 | Reached XP level 21. HP: 146/165 MP: 37/37
 44390 | Vaults:2 | Reached skill level 10 in Staves
 45765 | Vaults:3 | Found a staircase to the Crypt.
 45765 | Vaults:3 | Found an ancient bone altar of Kikubaaqudgha.
 45765 | Vaults:3 | Found a basalt altar of Yredelemnul.
 45976 | Vaults:3 | Reached skill level 1 in Shields
 46579 | Vaults:3 | Found Lizupt's Magic Scroll Shoppe.
 46585 | Vaults:3 | Bought a scroll of teleportation for 42 gold pieces
 46610 | Vaults:3 | Reached skill level 5 in Shields
 47373 | Vaults:4 | Learned a level 8 spell: Infestation
 47516 | Vaults:4 | Gained mutation: You are completely covered in slimy green
                  | scales. (AC +4, rPois) [demonic ancestry]
 47516 | Vaults:4 | Reached XP level 22. HP: 164/172 MP: 38/38
 47651 | Vaults:4 | Identified the +1 chain mail of Taraqaux {Rampage rC++
                  | rCorr Stlth-}
 47731 | Vaults:4 | Reached skill level 10 in Shields
 48204 | Vaults:4 | Noticed Bai Suzhen
 48221 | Vaults:4 | Killed Bai Suzhen
 48730 | Depths:1 | Entered Level 1 of the Depths
 48876 | Depths:1 | Found a gateway to a ziggurat.
 49022 | Depths:1 | Found an iron altar of Okawaru.
 49473 | Depths:1 | Found a shadowy altar of Dithmenos.
 49941 | Depths:1 | Found a gateway to Hell.
 50034 | Depths:2 | Found a hide-covered altar of Uskayaw.
 50038 | Depths:2 | Noticed Nikola
 50097 | Depths:2 | Killed Nikola
 50506 | Depths:2 | Gained mutation: You frequently emit foul miasma when
                  | damaged in melee. [demonic ancestry]
 50506 | Depths:2 | Reached XP level 23. HP: 178/178 MP: 35/39
 50952 | Depths:2 | Found a shimmering blue altar of Sif Muna.
 51123 | Depths:3 | Identified the +5 scale mail of the Nexus {Rampage Will+
                  | Str-5 Int+3}
 51511 | Depths:3 | Reached skill level 15 in Shields
 51521 | Depths:3 | Reached skill level 15 in Invocations
 51895 | Depths:3 | Found a one-way gate leading to the halls of Pandemonium.
 51906 | Depths:3 | Noticed the Enchantress
 51921 | Depths:3 | Killed the Enchantress
 51922 | Depths:3 | Reached skill level 1 in Throwing
 52027 | Depths:3 | Found a blossoming altar of Fedhas.
 52752 | Depths:4 | Paralysed by a floating eye for 2 turns
 52756 | Depths:4 | Paralysed by a floating eye for 2 turns
 52997 | Depths:4 | Noticed Boris
 53018 | Depths:4 | Killed Boris
 53182 | Depths:4 | Found a one-way gate to the infinite horrors of the Abyss.
 53667 | Depths:5 | Entered Level 5 of the Depths
 53835 | Depths:5 | Found a gate to the Realm of Zot.
 53892 | Depths:5 | Gained mutation: Your magical and physical power is greatly
                  | enhanced at high health. [demonic ancestry]
 53892 | Depths:5 | Reached XP level 24. HP: 91/182 MP: 35/39
 54052 | Depths:5 | Found Ciurch's Antique Weapon Boutique.
 54052 | Depths:5 | Found Dupumu's Antique Armour Shop.
 54082 | Depths:5 | Bought a pair of smoking gloves for 247 gold pieces
 54082 | Depths:5 | Identified the +0 pair of gloves "Poav" {rN+ Will- Int+4}
                  | (You bought it in a shop on level 5 of the Depths)
 54910 | Elf:3    | Acquired 696 gold pieces
 55255 | Hell     | Entered the Vestibule of Hell
 55255 | Hell     | Noticed Geryon
 55264 | Depths:1 | Learned a level 5 spell: Freezing Cloud
 55304 | Hell     | Reached skill level 1 in Conjurations
 55305 | Hell     | Reached skill level 1 in Air Magic
 55306 | Hell     | Killed Geryon
 55640 | Elf:2    | You paid a toll of the horn of Geryon to enter a treasure
                  | trove
 55641 | Trove    | Entered a treasure trove
 55650 | Trove    | Identified the amulet of the Leaf {Spirit Slay+2}
 55655 | Trove    | Identified the +17 crystal plate armour "Anyesoblo" {Dex+6}
 55664 | Trove    | Identified the amulet of Kigergh {Acrobat rPois Regen+
                  | Str-5 Dex+4}
 55670 | Trove    | Identified the +2 robe of Lust {+Blink Fly Str-5}
 55993 | Vaults:5 | Entered Level 5 of the Vaults
 56012 | Vaults:5 | Reached skill level 5 in Throwing
 56017 | Vaults:5 | Reached skill level 19 in Earth Magic
 56017 | Vaults:5 | Reached skill level 10 in Evocations
 56045 | Vaults:5 | Identified the +9 hunting sling of Doom {vorpal, rElec
                  | Dex+2}
 56045 | Vaults:5 | Noticed a dread lich
 56048 | Vaults:5 | Reached skill level 15 in Fighting
 56048 | Vaults:5 | Killed a dread lich
 56209 | Vaults:5 | Noticed a dread lich
 56210 | Vaults:5 | Killed a dread lich
 56272 | Vaults:5 | Reached XP level 25. HP: 195/195 MP: 35/39
 56283 | Vaults:5 | Gained mutation: You have an increased reservoir of magic.
                  | (+10% MP) [a shining eye]
 56411 | Vaults:5 | Noticed an ancient lich
 56430 | Vaults:5 | Killed an ancient lich
 56476 | Vaults:5 | Noticed an ancient lich
 56501 | Vaults:5 | Killed an ancient lich
 56502 | Vaults:5 | Reached skill level 20 in Earth Magic
 56510 | Vaults:5 | Noticed Mennas
 56518 | Vaults:5 | Killed Mennas
 56776 | Vaults:5 | Got a silver rune of Zot
 56957 | Vaults:5 | Found Sociheel's Antique Weapon Shop.
 56966 | Vaults:5 | Found Owodut's Magic Scroll Shoppe.
 56979 | Vaults:5 | Found Fusomnah's Distillery.
 56983 | Vaults:5 | Bought a scroll of teleportation for 63 gold pieces
 56983 | Vaults:5 | Bought a scroll of magic mapping for 73 gold pieces
 56987 | Vaults:5 | Bought a potion of curing for 51 gold pieces
 56987 | Vaults:5 | Bought a potion of curing for 51 gold pieces
 56987 | Vaults:5 | Bought a potion of curing for 51 gold pieces
 56994 | Vaults:5 | Found Coumyol's Distillery.
 56998 | Vaults:5 | Bought a potion of curing for 42 gold pieces
 56998 | Vaults:5 | Bought a potion of magic for 112 gold pieces
 56998 | Vaults:5 | Bought a potion of curing for 42 gold pieces
 56998 | Vaults:5 | Bought a potion of curing for 42 gold pieces
 56998 | Vaults:5 | Bought a potion of curing for 42 gold pieces
 56998 | Vaults:5 | Bought a potion of curing for 42 gold pieces
 57488 | Crypt:1  | Entered Level 1 of the Crypt
 58175 | Crypt:2  | Noticed Boris
 58177 | Crypt:2  | Killed Boris
 58684 | Crypt:2  | Gained mutation: A meltable icy envelope protects you from
                  | harm. (AC +0) [demonic ancestry]
 58684 | Crypt:2  | Reached XP level 26. HP: 176/206 MP: 18/42
 59153 | Crypt:3  | Entered Level 3 of the Crypt
 59254 | Crypt:3  | Identified the +11 shortbow "Sieneqyt" {vorpal, rPois rF+
                  | rC+ Stlth+}
 59271 | Crypt:3  | Reached skill level 21 in Earth Magic
 59567 | Crypt:3  | Identified the +0 pair of boots "Woecutwa" {+Blink rElec
                  | MP+9 Stlth+}
 59903 | Crypt:3  | Reached skill level 1 in Necromancy
 60021 | Crypt:3  | Found a staircase to the Tomb.
 60224 | Crypt:3  | Found a basalt altar of Yredelemnul.
 61206 | Orc:1    | Killed Jorgrun
 61584 | Zig:1    | Entered Level 1 of a ziggurat
 61611 | Zig:2    | Entered Level 2 of a ziggurat
 61611 | Zig:2    | Noticed Raistrik the pandemonium lord
 61620 | Zig:2    | Killed Raistrik the pandemonium lord
 61696 | Zig:3    | Entered Level 3 of a ziggurat
 61719 | Zig:3    | Identified the +3 morningstar "Hyze" {spect, rC+}
 61726 | Zig:4    | Entered Level 4 of a ziggurat
 61763 | Zig:5    | Entered Level 5 of a ziggurat
 61764 | Zig:5    | Noticed an orb of fire
 61764 | Zig:5    | Gained mutation: Your body sometimes deteriorates upon
                  | taking damage. [an orb of fire]
 61771 | Zig:5    | Killed an orb of fire
 61787 | Zig:5    | Identified the +11 great sword of Guile {vorpal, +Blink}
 61819 | Zig:6    | Entered Level 6 of a ziggurat
 61839 | Zig:6    | Got the Handbook of Heat and the Mountains
 61846 | Zig:6    | Learned a level 1 spell: Apportation
 61849 | Zig:6    | Learned a level 2 spell: Passwall
 61851 | Zig:6    | Identified the ring of Mioz {rPois rF- MP+9 Int+8 Dex-3}
 61857 | Zig:7    | Entered Level 7 of a ziggurat
 61866 | Zig:7    | Noticed a royal mummy
 61896 | Zig:8    | Entered Level 8 of a ziggurat
 61957 | Zig:8    | Learned a level 8 spell: Necromutation
 61965 | Zig:8    | Noticed a dread lich
 61965 | Zig:8    | Noticed an ancient lich
 61966 | Zig:8    | Killed an ancient lich
 61967 | Zig:8    | Reached skill level 1 in Translocations
 61967 | Zig:8    | Killed a dread lich
 61968 | Zig:8    | Reached skill level 5 in Necromancy
 61973 | Zig:8    | Identified the ring "Wiruos" {rElec AC+4 Str+2 Dex+4}
 61983 | Zig:8    | Identified the +9 dagger of Kamepho {vamp, rPois Int+3}
 61992 | Zig:9    | Entered Level 9 of a ziggurat
 62022 | Zig:9    | Found the +8 glaive of the Guard {elec, spectral, AC+5}
 62037 | Zig:9    | Gained mutation: A meltable icy envelope protects you from
                  | harm. (AC +0) [demonic ancestry]
 62037 | Zig:9    | Reached XP level 27. HP: 214/214 MP: 41/42
 62046 | Zig:9    | Identified the +7 hand crossbow of Imamn {speed, Fly rN+}
 62054 | Zig:10   | Entered Level 10 of a ziggurat
 62064 | Zig:10   | Reached skill level 15 in Dodging
 62064 | Zig:10   | Reached skill level 22 in Earth Magic
 62066 | Zig:10   | Identified the +2 quarterstaff "Kiryw" {antimagic, rPois
                  | rC+ Str+3 Dex-2}
 62068 | Zig:11   | Entered Level 11 of a ziggurat
 62130 | Zig:11   | Noticed Wynwy the pandemonium lord
 62130 | Zig:11   | Noticed Soehovoch the pandemonium lord
 62134 | Zig:11   | Killed Soehovoch the pandemonium lord
 62140 | Zig:11   | Killed Wynwy the pandemonium lord
 62180 | Zig:12   | Entered Level 12 of a ziggurat
 62189 | Zig:12   | Noticed a juggernaut
 62191 | Zig:12   | Noticed a juggernaut
 62193 | Zig:12   | Killed a juggernaut
 62197 | Zig:12   | Killed a juggernaut
 62214 | Zig:12   | Identified the +5 spear of the Badger {vorpal, Dex+3}
 62217 | Zig:13   | Entered Level 13 of a ziggurat
 62230 | Zig:13   | Noticed a dread lich
 62233 | Zig:13   | Killed a dread lich
 62256 | Zig:13   | Identified the +2 pair of gloves "Teinorir" {rF+ Str+5}
 62259 | Zig:13   | Got the Handbook of Changing and Snow
 62303 | Zig:14   | Entered Level 14 of a ziggurat
 62316 | Zig:14   | Noticed an ancient lich
 62316 | Zig:14   | Noticed an ancient lich
 62319 | Zig:14   | Killed an ancient lich
 62324 | Zig:14   | Killed an ancient lich
 62357 | Zig:15   | Entered Level 15 of a ziggurat
 62362 | Zig:15   | Noticed Ugub the pandemonium lord
 62369 | Zig:15   | Noticed Usac the pandemonium lord
 62373 | Zig:15   | Noticed Tabuqar the pandemonium lord
 62380 | Zig:15   | Killed Usac the pandemonium lord
 62389 | Zig:15   | Killed Ugub the pandemonium lord
 62410 | Zig:15   | Killed Tabuqar the pandemonium lord
 62411 | Zig:15   | Reached skill level 15 in Necromancy
 62411 | Zig:15   | Reached skill level 23 in Earth Magic
 62443 | Zig:15   | Identified the ring "Jimyfeig" {rPois rF+ rC+ Will+ Dex-5}
 62455 | Zig:15   | Identified the ring "Xenyabro" {Fly Str+4 Stlth+}
 62462 | Zig:15   | Identified the ring of Woahir {rF++ rN+ Dex-3}
 62480 | Zig:15   | Learned a level 9 spell: Polar Vortex
 62481 | Zig:16   | Entered Level 16 of a ziggurat
 62555 | Zig:17   | Entered Level 17 of a ziggurat
 62626 | Zig:17   | Reached skill level 15 in Spellcasting
 62661 | Zig:17   | Got the Papyrus of Torrid Beguiling
 62669 | Zig:18   | Entered Level 18 of a ziggurat
 62712 | Zig:18   | Acquired 1361 gold pieces
 62725 | Zig:18   | Identified the ring "Daump" {rN+ Str+3}
 62742 | Zig:19   | Entered Level 19 of a ziggurat
 62763 | Zig:19   | Noticed Ceocoil the pandemonium lord
 62764 | Zig:19   | Noticed Xapokk the pandemonium lord
 62765 | Zig:19   | Noticed Vuphair the pandemonium lord
 62765 | Zig:19   | Noticed Plog the pandemonium lord
 62765 | Zig:19   | Noticed Egosoy the pandemonium lord
 62765 | Zig:19   | Noticed Bass the pandemonium lord
 62766 | Zig:19   | Noticed Ruabou the pandemonium lord
 62766 | Zig:19   | Noticed Lisch the pandemonium lord
 62769 | Zig:19   | Killed Bass the pandemonium lord
 62784 | Zig:19   | Paralysed by a floating eye for 4 turns
 62785 | Zig:19   | HP: 9/216 [Egosoy the pandemonium lord/orb of electricity
                  | (19)]
 62786 | Zig:19   | Killed from afar by Egosoy the pandemonium lord

Illustrated notes

Levels and vault maps discovered:
D:1:      eino_arrival_cavern_e, layout_basic, dreamdust_ecumenical_altar_grove,
          minmay_unequal
D:2:      layout_loops_ring, basic_altar, roderic_lattice_a,
          chequers_serial_rivers_large_b
D:3:      layout_basic, uniq_jessica, uniq_natasha
D:4:      layout_loops_ring
D:5:      layout_basic, minmay_crossroads
D:6:      layout_loops_ring, jmf_multi_god_temple, biasface_ghost_orc_armoury,
          portal_sewer_entry_f
D:7:      layout_basic, chequers_temple_overflow_statue_of_worship,
          minmay_temple_entry_poolview, minmay_mini_ossuary
D:8:      minmay_cut_squares, layout_rooms, erik_lair_island
D:9:      minmay_separated_statues, layout_basic, xom_butterflies,
          wad_mini_maze, uniq_gastronok
D:10:     layout_cave_pools, serial_column_ruins,
          column_ruins_corridor_straight, column_ruins_corridor_corner,
          column_ruins_grid_2, column_ruins_open_medium, serial_shops,
          nicolae_shop_overgrown_old_shop
D:11:     layout_basic
D:12:     minmay_big_diamond_grid, layout_stronghold,
          minmay_orc_entry_guard_dogs, uniq_urug, uniq_josephine, uniq_snorg
D:13:     minmay_shrinking_squares, layout_cave_pods,
          lightli_vaults_fourway_checkpoint, serial_shops, kennysheep_mini,
          trog_three_pillars_becter
D:14:     layout_basic
D:15:     grunt_enter_depths_hoard, layout_basic, nicolae_lava_and_water,
          uniq_kirke, uniq_roxanne
Temple:   eino_temple_rhombus
Lair:1:   layout_long_grid, gammafunk_ghost_ooze
Lair:2:   layout_loops_ring, grunt_megastairs_4
Lair:3:   lemuel_reptile_caves, layout_big_grid, shoals_dummy_entry,
          minivault_11
Lair:4:   layout_loops_ring, roderic_batcave, infiniplex_staircase_pool_2,
          serial_bayou_shore_a, lemuel_fruit_fields, lemuel_fruit_fields
Lair:5:   layout_small_grid, beast_lair_carwin_2, serial_bayou_shore_b,
          infiniplex_staircase_pool
Lair:6:   evilmike_catoblepas_cave, layout_loops_ring, slime_dummy
Shoals:1: layout_shoals, portal_ice_cave_entry_pillars_three, serial_shops,
          nicolae_shop_behind_doors
Shoals:2: layout_shoals
Shoals:3: layout_shoals, gammafunk_ghost_split, nicolae_shoals_spectral_cove,
          uniq_aizul, uniq_ilsuiw
Shoals:4: shoals_end_hangedman, layout_shoals, shoal_ilsuiw,
          ebering_ghost_inner_flame
Snake:1:  kennysheep_six_static_rooms, layout_layer_cave, drop_trap, uniq_donald
Snake:2:  layout_misc_corridors, serial_shops, shop, nicolae_snake_lava_pool
Snake:3:  layout_onion, basic_altar, drop_trap
Snake:4:  snake_pit_salamanders_mu, layout_misc_corridors, grunt_ministairs_6,
          uniq_vashnia
Orc:1:    layout_caves, uniq_jorgrun
Orc:2:    kennysheep_orc_mage_school, layout_caves, serial_shops,
          nicolae_shop_waterfront
Elf:1:    nicolae_elf_arrival_fired_up, layout_geoelf_grid, serial_shops, shop,
          gammafunk_ghost_split, minmay_elf_annihilation, uniq_louise,
          uniq_agnes, uniq_azrael
Elf:2:    elven_hall_of_blades_hangedman_original
          [nicolae_blade_entry_floor_patterns], layout_loops_corners,
          gammafunk_ghost_tricky_traps, enter_trove_2, basic_altar,
          grunt_megastairs_2
Elf:3:    minmay_elf_hall_not_hex, layout_onion_city
Vaults:1: ebering_vaults_ghost_gozag, vaults_room_grunt_arrival_ludios,
          grunt_vaults_trifunnel, v_alt_pattern_5, nicolae_vaults_puzzle_piece,
          vaults_mumra_hexcomb, kb_rosetta, vaults_room_pool,
          nicolae_vaults_angled_halls, v_rooms_2, v_misc_13, layout_vaults_maze,
          serial_shops, shop
Vaults:2: nicolae_vaults_what_the_h, hangedman_vaults_stitches,
          hangedman_vaults_hat, v_alt_pattern_6, nicolae_vaults_display_case,
          v_misc_17, nicolae_vaults_diagonal_hallway_6,
          nicolae_vaults_rhombus_5, layout_vaults_chaotic_city
Vaults:3: v_pattern_4, minmay_crypt_entry_necro_gods, nicolae_vaults_little_ls,
          v_misc_33, nicolae_vaults_specimen_jars, v_misc_26,
          vaults_mumra_minichess, v_misc_19, hangedman_vaults_trim,
          layout_vaults_quadrants, serial_shops, shop_scrolls
Vaults:4: vaults_room_door_ring, nicolae_vaults_network_square,
          st_smaller_cells, v_misc_12, hangedman_vaults_stream,
          hangedman_vaults_capsules, vaults_room_hallway,
          nicolae_vaults_border_crossing, nicolae_vaults_network_quinsquares
          [nicolae_vaults_network_quincunx_subvault,
          nicolae_vaults_network_quincunx_subvault,
          nicolae_vaults_network_quincunx_subvault,
          nicolae_vaults_network_quincunx_subvault], vaults_room_ringed_pool,
          ontoclasm_vaults_gateway, vaults_dpeg_ring, layout_vaults_omnicross,
          uniq_bai_suzhen
Vaults:5: uniq_mennas
Crypt:1:  layout_misc_corridors
Crypt:2:  grunt_deathspiral_small, layout_chaotic_city
Crypt:3:  evilmike_haunted_forest
Depths:1: layout_basic, enter_ziggurat_d, grunt_hell_entry_dis_grunt,
          nicolae_dithmenos_through_a_glass_darkly, okawaru_trees_1
Depths:2: regret_index_uskayaw_diablada_macabre, layout_cave_shapes, hell_entry,
          serial_sigils_hangedman_stare, eino_small_chamber_without_monster,
          tgw_sif, uniq_nikola
Depths:3: minmay_expanding_squares, layout_cave_shapes, hellmouth_1,
          fedhas_altar_1, rand_demon_pan_entry_7, uniq_enchantress
Depths:4: hangedman_surveillance_ring, layout_basic, minmay_misc_feat_plants,
          abyss_entry, rand_demon_pan_entry_3, pf_vacation_house_of_asmodeus,
          infiniplex_staircase_trident, uniq_boris
Depths:5: grunt_crosshair, layout_basic, lightli_too_deep, minmay_shoptagon
Hell
Zig:19:   ziggurat_pillar_centre_dispersal, ziggurat_pillar_centre_dispersal,
          ziggurat_pillar_centre_dispersal, ziggurat_pillar_centre_dispersal

Skill      XL: |  1  2  3  4  5  6  7  8  9 10 11 12 13 14 15 16 17 18 19 20 21 22 23 24 25 26 27 |
---------------+----------------------------------------------------------------------------------+-----
Stealth        | 2 3 4 |  4.0
Dodging        | 2 3 4 7 9 11 12 13 14 15 | 15.0
Ice Magic      | 4 5 6 7 8 |  8.7
Short Blades   | 1 2 3 5 8 |  8.0
Spellcasting   | 3 4 7 9 10 12 15 | 15.7
Fighting       | 1 3 6 10 13 14 15 16 17 | 17.7
Evocations     | 1 3 4 8 9 11 12 13 14 | 14.0
Bows           | 2 5 7 9 10 | 10.0
Invocations    | 1 7 11 13 16 | 16.0
Armour         | 5 |  5.0
Earth Magic    | 4 9 13 17 18 19 20 21 23 | 23.0
Transmutations | 4 9 10 | 10.0
Staves         | 8 12 | 12.0
Shields        | 8 14 15 | 15.0
Throwing       | 3 5 |  5.0
Conjurations   | 3 |  3.0
Air Magic      | 3 |  3.0
Necromancy     | 8 17 | 17.0
Translocations | 2 |  2.0

Action                   |  1- 3 |  4- 6 |  7- 9 | 10-12 | 13-15 | 16-18 | 19-21 | 22-24 | 25-27 || total
-------------------------+-------+-------+-------+-------+-------+-------+-------+-------+-------++-------
Melee: Unarmed           |    93 |       |       |       |       |       |       |       |       ||    93
       Short sword       |    69 |   135 |   371 |   193 |   263 |   486 |    86 |       |       ||  1603
       Kick              |       |       |       |    22 |   120 |   281 |   441 |   812 |   630 ||  2306
       Staff             |       |       |       |       |       |       |   579 |  1195 |   941 ||  2715
 Fire: Longbow           |       |       |    55 |   179 |   674 |   625 |   524 |       |       ||  2057
Throw: Javelin           |       |       |       |       |       |     2 |       |    30 |     9 ||    41
 Cast: Freeze            |    44 |    25 |    30 |     5 |     8 |       |       |       |       ||   112
       Frozen Ramparts   |       |     5 |    12 |     4 |    26 |    17 |    20 |     1 |       ||    85
       Ozocubu's Armour  |       |       |     6 |     3 |    22 |     9 |       |       |       ||    40
       Statue Form       |       |       |       |       |       |    29 |    38 |    35 |     6 ||   108
       Shatter           |       |       |       |       |       |       |       |    15 |    94 ||   109
       Freezing Cloud    |       |       |       |       |       |       |       |     3 |       ||     3
       Necromutation     |       |       |       |       |       |       |       |       |    10 ||    10
Invok: Slouch            |       |       |       |       |     5 |    13 |     7 |    10 |     1 ||    36
       Step From Time    |       |       |       |       |       |     1 |     3 |     1 |     3 ||     8
 Abil: End Transformatio |       |       |       |       |       |     8 |     8 |     6 |       ||    22
Evoke: Wand              |       |       |     5 |     4 |     1 |     3 |     2 |     1 |     6 ||    22
       Condenser vane    |       |       |       |       |     4 |     5 |     5 |     3 |     5 ||    22
       Box of beasts     |       |       |       |       |       |       |     1 |       |     1 ||     2
       Tin of tremorston |       |       |       |       |       |       |       |     4 |     4 ||     8
  Use: Scroll            |     6 |     3 |     8 |     4 |    10 |    11 |     1 |     1 |     9 ||    53
       Potion            |       |       |     1 |     2 |     1 |     3 |     3 |     1 |     5 ||    16
 Stab: Sleeping          |     6 |     1 |     5 |     1 |     8 |     4 |     4 |    14 |     2 ||    45
       Petrified         |       |       |       |       |     1 |       |       |     5 |       ||     6
       Petrifying        |       |       |       |       |     1 |       |       |       |       ||     1
       Distracted        |       |       |       |       |       |     2 |     1 |     6 |     6 ||    15
       Paralysed         |       |       |       |       |       |     1 |       |       |       ||     1
       Confused          |       |       |       |       |       |       |       |     3 |       ||     3
Armor: Robe              |    70 |    61 |   187 |       |       |       |    53 |    92 |   131 ||   594
       Troll leather arm |       |       |       |    97 |   204 |    99 |    30 |       |       ||   430
       Skin              |       |       |       |    25 |       |   248 |   273 |   344 |    56 ||   946
Dodge: Dodged            |   151 |   106 |   340 |   188 |   425 |  1145 |   949 |   866 |   597 ||  4767
Block: Other             |       |       |       |       |    30 |   264 |   187 |       |       ||   481
       Reflection        |       |       |       |       |       |    20 |    25 |       |       ||    45
       Buckler           |       |       |       |       |       |       |    62 |   566 |       ||   628
       Kite shield       |       |       |       |       |       |       |       |   298 |   983 ||  1281

Table legend: (Time is in decaauts)
 A = Elapsed time spent in this place.
 B = Non-inter-level travel time spent in this place.
 C = Inter-level travel time spent in this place.
 D = Time resting spent in this place.
 E = Time spent auto-exploring this place.
 F = Levels seen in this place.
 G = Mean time per level.
                   A        B        C        D        E       F      G
               +--------+--------+--------+--------+--------+-----+--------+
         Total |  94050 |  82321 |  11729 |    986 |  64333 |  71 | 1324.6 |
       Dungeon |  25662 |  20545 |   5117 |    563 |  16409 |  15 | 1710.8 |
        Temple |    195 |    171 |     24 |      0 |    159 |   1 |  195.0 |
          Lair |   8523 |   7773 |    750 |      0 |   6653 |   6 | 1420.5 |
        Shoals |   7606 |   7165 |    441 |      0 |   5731 |   4 | 1901.5 |
     Snake Pit |   8121 |   7487 |    634 |      0 |   6093 |   4 | 2030.2 |
  Orcish Mines |   3608 |   2840 |    768 |      0 |   2309 |   2 | 1804.0 |
   Elven Halls |   7687 |   6153 |   1534 |      0 |   4970 |   3 | 2562.3 |
        Vaults |  13701 |  12484 |   1217 |    174 |   9696 |   5 | 2740.2 |
         Crypt |   5668 |   5444 |    224 |      0 |   4166 |   3 | 1889.3 |
        Depths |   9701 |   8688 |   1013 |     16 |   6834 |   5 | 1940.2 |
          Hell |     62 |     62 |      0 |      0 |      0 |   1 |   62.0 |
      Ziggurat |   1677 |   1677 |      0 |    153 |    159 |  19 |   88.3 |
         Trove |     66 |     66 |      0 |      0 |      9 |   1 |   66.0 |
         Sewer |    375 |    375 |      0 |      0 |    190 |   1 |  375.0 |
      Ice Cave |   1393 |   1393 |      0 |     80 |    951 |   1 | 1393.0 |
               +--------+--------+--------+--------+--------+-----+--------+

Top non-repeatable levels by time:
    D:12: 3861 daAuts
Vaults:1: 3125 daAuts
Vaults:2: 3048 daAuts
   Elf:3: 3021 daAuts
 Snake:4: 2931 daAuts
Shoals:4: 2883 daAuts
Depths:1: 2870 daAuts
Vaults:4: 2837 daAuts
Vaults:3: 2821 daAuts
 Crypt:3: 2775 daAuts
     D:7: 2545 daAuts
   Orc:2: 2543 daAuts
 Snake:1: 2478 daAuts
   Elf:1: 2353 daAuts
   Elf:2: 2312 daAuts
